 Dungeon Crawl Stone Soup version 0.24-a0-513-g284f782df5 (webtiles) character file.

Game seed: 6260373842157864929

162 nikopol the Firebug (level 5, -1/28 HPs)
             Began as a Deep Elf Fire Elementalist on July 20, 2019.
             Slain by a two-headed ogre
             ... wielding a +0 giant spiked club
              (13 damage)
             ... on level 3 of the Dungeon.
             The game lasted 00:06:39 (2601 turns).

nikopol the Firebug (Deep Elf Fire Elementalist)    Turns: 2601, Time: 00:06:39

Health: -1/28      AC:  2    Str:  5    XL:     5   Next: 19%
Magic:  10/13      EV: 13    Int: 21    God:
Gold:   141        SH:  0    Dex: 15    Spells: 3/13 levels left

rFire    . . .     SeeInvis .   d - +2 dagger (venom)
rCold    . . .     Gourm    .   (no shield)
rNeg     . . .     Faith    .   a - +0 robe
rPois    .         Spirit   .   (no helmet)
rElec    .         Reflect  .   (no cloak)
rCorr    .         Harm     .   (no gloves)
MR       .....                  (no boots)
Stlth    ++........             (no amulet)
HPRegen  0.09/turn              (no ring)
MPRegen  0.13/turn              (no ring)

@: no status effects
A: no striking features
a: no special abilities


You were on level 3 of the Dungeon.
You were not hungry.

You visited 1 branch of the dungeon, and saw 3 of its levels.

You collected 141 gold pieces.

Inventory:

Hand Weapons
 d - a +2 dagger of venom (weapon)
Armour
 a - a +0 robe (worn)
Scrolls
 b - 2 scrolls of remove curse {unknown}
 f - a scroll of fear {unknown}
 k - a scroll of immolation {unknown}
Potions
 e - a potion of heal wounds {unknown}
 g - 2 potions of agility {unknown}
 h - a potion of might {unknown}
 i - 3 potions of ambrosia {unknown}
 j - a potion of berserk rage {unknown}
Comestibles
 c - 3 rations


   Skills:
 + Level 2.8 Dodging
 + Level 3.1 Stealth
 + Level 4.5 Spellcasting
 + Level 2.3 Conjurations
 + Level 4.9 Fire Magic


You had 3 spell levels left.
You knew the following spells:

 Your Spells              Type           Power        Failure   Level  Hunger
a - Flame Tongue          Conj/Fire      ###..        2%          1    None
b - Throw Flame           Conj/Fire      ###...       3%          2    #......
c - Conjure Flame         Conj/Fire      ###.....     8%          3    ##.....
d - Sticky Flame          Conj/Fire      ###.....     26%         4    ####...

Your spell library contained the following spells:

 Spells                   Type           Power        Failure   Level  Hunger
 Inner Flame              Hex/Fire       ###.....     12%         3    ##.....
 Fireball                 Conj/Fire      ###.......   56%         5    ######.


Dungeon Overview and Level Annotations

Branches:
Dungeon (3/15)

Altars:
Makhleb
Xom


Message History

You climb upwards.
There is a stone staircase leading down here.
There is a stone staircase leading down here.
You start resting.
Magic restored.
You climb downwards.
There is a stone staircase leading up here.
Casting: Flame Tongue (safe; 2% risk of failure)
Confirm with . or Enter, or press ? or * to list all spells.
Aiming: Conjure Flame (safe; 8% risk of failure)
Press: ? - help, Dir - move target cursor The fire ignites!
You are starving!
You don't have the energy to cast that spell.
You eat one of the 4 rations.
That ration really hit the spot!
The two-headed ogre is engulfed in blazing flames.
The two-headed ogre hits you with a +0 giant spiked club!
Ouch! That really hurt!
The two-headed ogre hits you with a +0 giant club!
You die...

###.##### #...# #.....###
#.# #...# ##.##### ###.#
#...# #..# #...# #O.##
#.## #.### #..# #.# #.#
#..# ##.# #O# #..# #..#
#.# #..####.## ..#
#.<#.O@<# .## #....####
## #...## # ###...# .
#....## #.### ###.#..#
.....##......###
......)........########
....#.(.#.##.#........###


You could see a two-headed ogre.

Vanquished Creatures
  A hound (D:3)
  5 gnolls
  An adder (D:3)
  2 worms (D:2)
  3 dart slugs
  4 leopard geckos
  An orc (D:3)
  6 bats
  10 goblins
  4 hobgoblins
  A quokka (D:3)
  2 ball pythons
  5 frilled lizards
  9 kobolds
  7 rats
61 creatures vanquished.

Vanquished Creatures (others)
  A plant (D:2)
1 creature vanquished.

Grand Total: 62 creatures vanquished

Notes
Turn   | Place    | Note
-------+----------+-------------------------------------------
     0 | D:1      | nikopol the Deep Elf Fire Elementalist began the quest for
                  | the Orb.
     0 | D:1      | Reached XP level 1. HP: 10/10 MP: 6/6
   105 | D:1      | Reached XP level 2. HP: 4/15 MP: 2/8
   950 | D:2      | Reached XP level 3. HP: 19/19 MP: 5/9
  1455 | D:2      | Found a burning altar of Makhleb.
  1457 | D:2      | Found a shimmering altar of Xom.
  1691 | D:3      | Reached XP level 4. HP: 17/24 MP: 6/12
  1701 | D:3      | Learned a level 2 spell: Throw Flame
  1705 | D:3      | Learned a level 3 spell: Conjure Flame
  1885 | D:3      | Reached XP level 5. HP: 14/28 MP: 5/13
  1950 | D:3      | Learned a level 4 spell: Sticky Flame
  2484 | D:3      | Noticed a two-headed ogre
  2601 | D:3      | Slain by a two-headed ogre

Levels and vault maps discovered:
D:1:      matt_arrival_los_fun, layout_basic, serial_glass, glass_columns_a,
          glass_columns_c, solitary_fountain
D:2:      layout_loops_ring, minitemple, lexackson_kobold_supper
D:3:      layout_rooms, okawaru_gym_becter, grunt_temple_overflow_open

Skill      XL: |  1  2  3  4 |
---------------+-------------+-----
Fire Magic     | 4 |  4.9
Spellcasting   | 4 |  4.5
Stealth        | 3 |  3.1
Conjurations   | 2 |  2.3
Dodging        | |  2.8

Action                   |  1- 3 |  4- 6 || total
-------------------------+-------+-------++-------
Melee: Dagger            |     2 |       ||     2
 Cast: Flame Tongue      |    74 |    46 ||   120
       Conjure Flame     |       |     2 ||     2
  Eat: Chunk             |     2 |     1 ||     3
       Ration            |       |     1 ||     1
Armor: Robe              |     1 |     5 ||     6
Dodge: Dodged            |    13 |    19 ||    32

Table legend:
 A = Non-vault XP
 B = Vault XP
 C = Vault XP percentage of total XP
 D = Non-vault monster count
 E = Vault monster count
 F = Vault count percentage of total count
                 A         B        C        D         E       F
            +---------+---------+-------+---------+---------+-------
      Total |     218 |      14 |   6.0 |      53 |       8 |  13.1
            +---------+---------+-------+---------+---------+-------
        D:1 |      29 |       0 |   0.0 |      15 |       0 |   0.0
        D:2 |      54 |      14 |  20.6 |      20 |       8 |  28.6
        D:3 |     135 |       0 |   0.0 |      18 |       0 |   0.0
            +---------+---------+-------+---------+---------+-------
